 Dungeon Crawl Stone Soup version 0.29.0 (webtiles) character file.

Game seed: 10376703061075560134

21 Lutefisk the Digger (level 2, 0/25 HPs)
             Began as a Ghoul Earth Elementalist on Aug 24, 2022.
             Slain by a quokka (2 damage)
             ... on level 1 of the Dungeon.
             The game lasted 00:06:09 (292 turns).

Lutefisk the Digger (Ghoul Earth Elementalist)       Turns: 292, Time: 00:06:11

Health: 0/25       AC:  2    Str: 11    XL:     2   Next: 83%
Magic:  0/3        EV: 12    Int: 10    God:
Gold:   10         SH:  0    Dex:  9    Spells: 3/4 levels left

rFire   . . .      SeeInvis .   g - staff of earth
rCold   + . .      Faith    .   (no shield)
rNeg    + + +      Spirit   .   a - +0 robe
rPois   ∞          Reflect  .   (no helmet)
rElec   .          Harm     .   (no cloak)
rCorr   .          Rampage  .   (no gloves)
Will    .....                   (no boots)
Stlth   ++........              (no amulet)
HPRegen 0.00/turn               (no ring)
MPRegen 0.08/turn               (no ring)

@: very slightly contaminated, inhibited regen
A: claws 1, cold resistance 1, negative energy resistance 3, inhibited
regeneration, torment resistance 2, devour on kill
a: no special abilities


You were on level 1 of the Dungeon.
You visited 1 branch of the dungeon, and saw 1 of its levels.

You collected 10 gold pieces.

Inventory:

Hand Weapons
 c - a +0 dagger
Armour
 a - a +0 robe (worn)
Magical Staves
 g - a staff of earth (weapon)
Scrolls
 d - a scroll of enchant weapon {unknown}
 f - a scroll of poison {unknown}


   Skills:
 * Level 2.5 Fighting
 - Level 0.1 Short Blades
 - Level 1.7 Dodging
 - Level 2.1 Stealth
 - Level 1.7 Spellcasting
 - Level 0.8 Transmutations
 - Level 3.2 Earth Magic


You had 3 spell levels left.
You knew the following spells:

 Your Spells              Type           Power      Damage    Failure   Level
a - Sandblast             Erth           22%        2d7       9%          1

Your spell library contained the following spells:

 Spells                   Type           Power      Damage    Failure   Level
 Passwall                 Tmut/Erth      5%         N/A       21%         2
 Stone Arrow              Conj/Erth      12%        3d7       43%         3
 Petrify                  Tmut/Erth      7%         N/A       80%         4


Dungeon Overview and Level Annotations

Branches:
Dungeon (1/15)

Altars:


Innate Abilities, Weirdness & Mutations

You are immune to poison.
You have sharp fingernails.
Your flesh is cold resistant. (rC+)
You are immune to negative energy. (rN+++)
You do not regenerate when monsters are visible.
You are immune to unholy pain and torment.
You thrive by killing the living.


Message History

Aim: a quokka (75% to hit)
You feel a surge of power!
The blast of sand misses the quokka.
The quokka bites you. The quokka barely misses you.
You closely miss the quokka.
The quokka bites you but does no damage.
The quokka closely misses you.
You barely miss the quokka. The quokka barely misses you.
You hit the quokka.
The quokka is moderately wounded.
The quokka barely misses you. The quokka bites you.
Magic courses through your body. The quokka bites you.
* * * LOW HITPOINT WARNING * * *
Your magical contamination has completely faded away.
Casting: Sandblast (safe; 9% risk of failure)
Confirm with . or Enter, or press ? or * to list all spells.
Aiming: Sandblast (safe; 9% risk of failure)
Press: ? - help, Shift-Dir - straight line, f/p - quokka
Aim: a quokka (moderately wounded, 75% to hit)
You feel a surge of power!
You miscast Sandblast.
You are very lightly contaminated with residual magic.
Nothing appears to happen.
The quokka bites you but does no damage.
Casting: Sandblast (safe; 9% risk of failure)
Confirm with . or Enter, or press ? or * to list all spells.
Aiming: Sandblast (safe; 9% risk of failure)
Press: ? - help, Shift-Dir - straight line, f/p - quokka
Aim: a quokka (moderately wounded, 75% to hit)
You feel a surge of power!
The blast of sand misses the quokka.
The quokka bites you.
* * * LOW HITPOINT WARNING * * *
The quokka closely misses you.
Casting: Sandblast (safe; 9% risk of failure)
Confirm with . or Enter, or press ? or * to list all spells.
Aiming: Sandblast (safe; 9% risk of failure)
Press: ? - help, Shift-Dir - straight line, f/p - quokka
Aim: a quokka (moderately wounded, 75% to hit)
You feel a surge of power!
The blast of sand hits the quokka.
The quokka is heavily wounded.
The quokka barely misses you. The quokka bites you.
You die...

#.# ## ##. #.# ..#
#.. #.# ..# #....
#.#...# #.....
###.#...### #.....
#.................
#.#.##............
#.#..+ ...........
#@#.## ..........
#r#.# ## #.#.#
#.#.# #.#.# #.#.#
#.# #.#


You could see a quokka.

Vanquished Creatures
  2 bats (D:1)
  An endoplasm (D:1)
  A giant cockroach (D:1)
  A goblin (D:1)
  3 hobgoblins (D:1)
  A jackal (D:1)
  2 quokkas (D:1)
  3 ball pythons (D:1)
  A kobold (D:1)
  2 rats (D:1)
17 creatures vanquished.

Notes
Turn   | Place    | Note
-------+----------+-------------------------------------------
     0 | D:1      | Lutefisk the Ghoul Earth Elementalist began the quest for
                  | the Orb.
     0 | D:1      | Reached XP level 1. HP: 14/14 MP: 2/2
    56 | D:1      | Reached skill level 1 in Fighting
   104 | D:1      | Found a faded altar of an unknown god.
   128 | D:1      | Reached XP level 2. HP: 17/24 MP: 0/3
   224 | D:1      | HP: 1/25 [quokka (4)]
   292 | D:1      | Slain by a quokka

Illustrated notes

Levels and vault maps discovered:
D:1:      doesnt_arrival_eight_statues, layout_basic,
          hellmonk_ecumenical_altar_prayer_group

Skill      XL: |  1  2 |
---------------+-------+-----
Fighting       | 1 2 |  2.5
Short Blades   | |  0.1
Dodging        | |  1.7
Stealth        | |  2.1
Spellcasting   | |  1.7
Transmutations | |  0.8
Earth Magic    | |  3.2

Action                   || total
-------------------------++-------
Melee: Unarmed           ||    10
       Dagger            ||    23
       Staff             ||    23
       Punch             ||     1
 Cast: Sandblast         ||    18
  Use: Potion            ||     2
 Stab: Sleeping          ||     1
Armor: Robe              ||    17
Dodge: Dodged            ||    45
